 Dungeon Crawl Stone Soup version 0.31-a0-486-g8d68a81214 (webtiles) character file.

Game seed: 8250019254507334494

219 Ofeo the Ruffian (level 5, -3/67 HPs)
             Began as a Draconian Shapeshifter on Aug 7, 2023.
             Slain by Pikel
             ... wielding a +2 whip of electrocution
              (20 damage)
             ... on level 4 of the Dungeon.
             The game lasted 00:04:22 (4321 turns).

Ofeo the Ruffian (Draconian Shapeshifter)           Turns: 4321, Time: 00:04:22

Health: -3/67      AC: 22    Str: 19    XL:     5   Next: 64%
Magic:  5/5        EV:  2    Int:  8    God:
Gold:   209        SH:  0    Dex: 12    Spells: 4/4 levels left

rFire   . .          .
                       - Unarmed
rCold   . . .        (no shield)
rNeg    . . .        (body armour unavailable)
rPois   +            (helmet currently unavailable)
rElec   .            (cloak currently unavailable)
rCorr   .            (gloves currently unavailable)
SInv    .            (boots currently unavailable)
Will    .....        (no amulet)
Stlth   +            d - +5 ring of evasion
HPRegen 0.31/turn    r - +5 ring of evasion
MPRegen 0.09/turn

%: no passive effects
@: tree-form
A: stationary, stasis, torment immunity, boosted hp, AC +5, unfitting armour,
(cold-blooded)
a: no special abilities


You were on level 4 of the Dungeon.
You were a tree.
You visited 1 branch of the dungeon, and saw 4 of its levels.

You collected 209 gold pieces.

Inventory:

Missiles
 e - a throwing net
 n - 6 poisoned darts
Armour
 p - a +0 pair of boots
Jewellery
 d - a +5 ring of evasion (left branch)
 f - a ring of protection from cold
 k - a ring of positive energy
 r - a +5 ring of evasion (right branch)
Talismans
 b - a beast talisman
Scrolls
 g - a scroll of brand weapon
 i - a scroll of identify {@r1}
 l - a scroll of butterflies
 o - a scroll of fog
Potions
 a - a potion of lignification
 c - 4 potions of haste {@q3}
 h - 2 potions of heal wounds {@q2}
 j - a potion of attraction
 q - a potion of resistance {@q6}


   Skills:
 + Level 3.1 Fighting
 + Level 3.1 Dodging
 + Level 4.1 Unarmed Combat
 + Level 3.7 Shapeshifting


You had 4 spell levels left.
You didn't know any spells.
Your spell library contained the following spells:

 Spells                   Type           Power      Damage    Failure   Level
 Blink                    Tloc           0%         N/A       54%         2
 Lesser Beckoning         Tloc           0%         N/A       54%         2
 Momentum Strike          Conj/Tloc      0%         3d8       54%         2
 Vhi's Electric Charge    Tloc/Air       0%         N/A       78%         3
 Arcjolt                  Conj/Air       0%         1d10      100%        5
 Plasma Beam              Fire/Air       0%         2x1d10    100%        6


Dungeon Overview and Level Annotations

Branches:
Dungeon (4/15)
 Temple: D:4-7

Altars:

Annotations:
D:4 Pikel


Innate Abilities, Weirdness & Mutations

You are a tree.
Your roots penetrate the ground, keeping you stationary.
You cannot be teleported.
You are immune to unholy pain and torment.
Your maximum health is greatly increased.
Your equipment is partially melded.
((Your plain brown scales are hard. (AC +5)))
You cannot fit into any form of body armour.
((You are cold-blooded and may be slowed by cold attacks.))


Message History

You punch the adder!
The adder is severely wounded.
You feel sick. The adder misses you.
You take 1 damage, and have 36/45 hp.
You hit the adder.
You kill the adder!
You feel sick. Pikel waves his whip at you.
Your transformation has ended.
You turn into a tree.
Your roots penetrate the ground.
You feel sick.
Pikel hits you with a +2 whip of electrocution!
You are electrocuted!
You now have 35/67 hp.
You smack Pikel!
Pikel is moderately wounded.
You feel sick.
You are no longer poisoned.
Pikel hits you but does no damage.
You take 1 damage, and have 34/67 hp.
You barely miss Pikel.
Pikel is moderately wounded.
Pikel hits you but does no damage.
You barely miss Pikel.
Pikel is moderately wounded.
Pikel hits you but does no damage.
You are electrocuted!
You take 9 damage, and have 25/67 hp.
You closely miss Pikel.
Pikel is moderately wounded.
You barely miss Pikel.
Pikel is moderately wounded.
Pikel hits you but does no damage.
You smack Pikel!
You punch Pikel, but do no damage.
Pikel is heavily wounded.
Pikel hits you but does no damage.
You smack Pikel!
Pikel is severely wounded.
Pikel hits you with a +2 whip of electrocution!
* * * LOW HITPOINT WARNING * * *
You are electrocuted!!
You die...

..........
.†........
..........
.........
###
......###
..#
#######
#.# # #.#
#.# #♣#
#K# #5##
####5S#
#..55##
#....#
##....#
#.....##
#......#


You could see Pikel, 4 lemures and an adder.

Vanquished Creatures
  Robin (D:4)
  4 gnolls (D:2)
  9 adders
  A shadow imp (D:4)
  3 dart slugs
  An orc (D:4)
  5 bats
  8 endoplasms
  2 giant cockroaches (D:4)
  17 goblins
  8 hobgoblins
  4 quokkas
  A ball python (D:2)
  4 frilled lizards
  5 kobolds
  3 rats
76 creatures vanquished.

Notes
Turn   | Place    | Note
-------+----------+-------------------------------------------
     0 | D:1      | Ofeo the Draconian Shapeshifter began the quest for the
                  | Orb.
     0 | D:1      | Reached XP level 1. HP: 16/16 MP: 1/1
   375 | D:1      | Reached XP level 2. HP: 23/23 MP: 2/2
   481 | D:1      | Found a faded altar of an unknown god.
  1271 | D:2      | You fall into a shaft and drop 2 floors!
  1317 | D:3      | Reached XP level 3. HP: 29/29 MP: 3/3
  1481 | D:4      | Noticed Robin
  2499 | D:2      | Reached XP level 4. HP: 36/36 MP: 4/4
  2909 | D:2      | Reached XP level 5. HP: 42/42 MP: 5/5
  3745 | D:4      | Reached skill level 4 in Unarmed Combat
  4002 | D:4      | Killed Robin
  4268 | D:4      | Noticed Pikel
  4268 | D:4      | Noticed a lemure
  4268 | D:4      | Noticed a lemure
  4268 | D:4      | Noticed a lemure
  4268 | D:4      | Noticed a lemure
  4321 | D:4      | Slain by Pikel

Illustrated notes

Levels and vault maps discovered:
D:1:      nzn_arrival_depleted_hourglass, layout_basic,
          hellmonk_ecumenical_altar_crossroads
D:2:      cheibrodos_old_hovel, layout_basic, nicolae_half_adder
D:3:      layout_basic, hangedman_decor_clover_reticule,
          minmay_increasing_density
D:4:      layout_cave_pods, uniq_pikel, uniq_robin

Skill      XL: |  1  2  3  4  5 |
---------------+----------------+-----
Dodging        | 2 3 |  3.1
Fighting       | 2 3 |  3.1
Unarmed Combat | 4 |  4.1
Shapeshifting  | |  3.7

Action                     |  1- 3 |  4- 6 || total
---------------------------+-------+-------++-------
  Melee: Unarmed           |    94 |   124 ||   218
         Tailslap          |     9 |    12 ||    21
         Punch             |       |     7 ||     7
    Use: Scroll            |     7 |     3 ||    10
         Potion            |       |     3 ||     3
   Stab: Sleeping          |     1 |     2 ||     3
 Armour: Skin              |    15 |    44 ||    59
  Dodge: Dodged            |    82 |   161 ||   243

Table legend: (Time is in decaauts)
 A = Elapsed time spent in this place.
 B = Non-inter-level travel time spent in this place.
 C = Inter-level travel time spent in this place.
 D = Time resting spent in this place.
 E = Time spent auto-exploring this place.
 F = Levels seen in this place.
 G = Mean time per level.
                   A        B        C        D        E       F      G
               +--------+--------+--------+--------+--------+-----+--------+
         Total |   4307 |   4012 |    295 |    113 |   3328 |   4 | 1076.8 |
       Dungeon |   4307 |   4012 |    295 |    113 |   3328 |   4 | 1076.8 |
               +--------+--------+--------+--------+--------+-----+--------+

Top non-repeatable levels by time:
     D:3: 1226 daAuts
     D:2: 1216 daAuts
     D:1: 1209 daAuts
     D:4: 655 daAuts
